 Dungeon Crawl Stone Soup version 0.30-b1-2-g02819fbbbe (webtiles) character file.

Game seed: 2233794116096141563

37 ketsa the Sneak (level 3, -2/21 HPs)
             Began as a Kobold Brigand on May 22, 2023.
             Slain by a goblin
             ... wielding a +0 club
             ... led by Robin
              (5 damage)
             ... on level 1 of the Dungeon.
             The game lasted 00:04:31 (999 turns).

ketsa the Sneak (Kobold Brigand)                     Turns: 999, Time: 00:04:31

Health: -2/21      AC:  5    Str:  8    XL:     3   Next: 60%
Magic:  3/3        EV: 13    Int: 12    God:
Gold:   10         SH:  0    Dex: 18    Spells: 2/2 levels left

rFire   + . .        q - +3 dagger
rCold   . . .        (no shield)
rNeg    + . .        m - +0 leather armour
rPois   .            (no helmet)
rElec   .            c - +0 cloak
rCorr   .            (no gloves)
SInv    .            f - +0 pair of boots
Will    .....        (no amulet)
Stlth   ++++         o - ring of positive energy
HPRegen 0.23/turn    k - ring of protection from fire
MPRegen 0.08/turn

%: no passive effects
@: no status effects
A: small, no large weapons, nightstalker 3
a: no special abilities


You were on level 1 of the Dungeon.
You visited 1 branch of the dungeon, and saw 2 of its levels.

You collected 10 gold pieces.

Inventory:

Hand Weapons
 a - a +2 dagger
 q - a +3 dagger (weapon)
 r - a +0 dagger of venom
Missiles
 d - 13 poisoned darts (quivered)
 e - 3 curare-tipped darts
Armour
 b - a +0 robe
 c - a +0 cloak (worn)
 f - a +0 pair of boots (worn)
 m - a +0 leather armour (worn)
 p - an orb of energy
Jewellery
 h - an amulet of magic regeneration
 k - a ring of protection from fire (right hand)
 o - a ring of positive energy (left hand)
Scrolls
 i - a scroll of fear {unknown}
 j - a scroll of torment
 n - a scroll of identify {unknown}
Potions
 g - 4 potions of curing {unknown}
 l - 2 potions of berserk rage {unknown}


   Skills:
 - Level 2.1 Fighting
 * Level 4.3 Short Blades
 - Level 2.1 Throwing
 - Level 1.2 Dodging
 + Level 5.9 Stealth


You had 2 spell levels left.
You didn't know any spells.
Your spell library contained the following spells:

 Spells                   Type           Power      Damage    Failure   Level
 Kiss of Death            Conj/Necr      0%         2d5       43%         1
 Confusing Touch          Hex            0%         N/A       82%         3
 Volatile Blastmotes      Fire/Tloc      0%         2d10      82%         3
 Dispel Undead            Necr           0%         3d6       99%         4
 Fulminant Prism          Conj/Hex       0%         3d5       99%         4
 Iskenderun's Mystic Bla  Conj/Tloc      0%         2d3       99%         4
 Lee's Rapid Deconstruct  Erth           0%         3d4*      100%        5


Dungeon Overview and Level Annotations

Branches:
Dungeon (2/15) Zot: 11013

Altars:
Cheibriados

Shops:
D:1 =*(

Annotations:
D:2 Robin


Innate Abilities, Weirdness & Mutations

You are small and have problems with some larger weapons.
You are completely attuned to the shadows.


Message History

Robin roars a battlecry!
You closely miss the goblin.
The goblin is heavily wounded.
The goblin hits you but does no damage. The goblin hits you with a +0 dagger.
You hit the goblin.
The goblin is severely wounded.
The goblin misses you. The goblin hits you but does no damage.
You hit the goblin.
You kill the goblin!
A goblin comes into view. It is wielding a +0 dagger.
Robin throws the goblin at you! The goblin misses you.
You hit the goblin.
You kill the goblin!
You closely miss the goblin.
A goblin comes into view. It is wielding a +0 club.
Robin throws the goblin at you! The goblin barely misses you.
You barely miss the goblin. The goblin barely misses you.
The goblin hits you with a +0 dagger.
You barely miss the goblin. The goblin hits you with a +0 club.
Robin roars a battlecry!
The goblins go into a battle-frenzy!
The goblin closely misses you. The goblin attacks as you move away!
The goblin hits you with a +0 dagger.
* * * LOW HITPOINT WARNING * * *
The goblin attacks as you move away! The goblin hits you but does no damage.
The goblin attacks as you move away! The goblin barely misses you.
The goblin attacks as you move away! The goblin closely misses you.
You can't go up here!
The goblin attacks as you move away! The goblin closely misses you.
There is a stone staircase leading up here.
The goblin hits you with a +0 club.
* * * LOW HITPOINT WARNING * * *
The goblin hits you but does no damage.
You climb upwards.
There is a stone staircase leading down here.
As you read the scroll labelled DALEDE KYMEENGA, it crumbles to dust.
You feel a surge of unholy energy.
The goblin convulses! x2
It was a scroll of torment.
The goblin barely misses you. The goblin hits you with a +0 club.
You die...

##### ##...#
..)#.################
.###..##..(.........#
..♣##.##.################
#.†##.##.##..'.g@g.∩..'.#
#♣∩♣..##.##.#####≈≈####.#########
.................................
##♣#####.######...#.##.##########
#### #.# #...#.##.# #. ...# #.#
#...#.##.# #. ...#
###.##########.##.# #. ...#
#..............##.# #.
########.#############.### #.


You could see 2 goblins.

Vanquished Creatures
  A dart slug (D:1)
  5 ball pythons (D:1)
  2 endoplasms (D:1)
  2 giant cockroaches (D:1)
  7 goblins
  4 hobgoblins
  2 quokkas
  2 bats (D:1)
  A frilled lizard (D:1)
  3 kobolds
  A rat (D:2)
30 creatures vanquished.

Notes
Turn   | Place    | Note
-------+----------+-------------------------------------------
     0 | D:1      | ketsa the Kobold Brigand began the quest for the Orb.
     0 | D:1      | Reached XP level 1. HP: 12/12 MP: 1/1
    91 | D:1      | Reached XP level 2. HP: 17/17 MP: 2/2
   137 | D:1      | Found Leullimu's Weapon Boutique.
   199 | D:1      | Found Hetonomo's Assorted Antiques.
   269 | D:1      | Found Zaeh's Jewellery Boutique.
   388 | D:1      | Reached XP level 3. HP: 21/21 MP: 3/3
   870 | D:2      | Identified the +5 trident of Velazudi {freeze, Str+5
                  | Stlth+}
   904 | D:2      | Found a snail-covered altar of Cheibriados.
   972 | D:2      | Noticed Robin
   999 | D:1      | Slain by a goblin

Illustrated notes

Levels and vault maps discovered:
D:1:      minmay_arrival_cross, layout_basic, serial_shops, nicolae_shop_trees,
          shop, nicolae_shop_hallway_stairs, dk_noncrumbling_3
D:2:      layout_rooms, basic_altar, basic_ecumenical_altar,
          kennysheep_flooded_box, uniq_terence, uniq_robin,
          uniq_crazy_yiuf_cottage, uniq_jessica

Skill      XL: |  1  2  3 |
---------------+----------+-----
Short Blades   | 3 4 |  4.3
Fighting       | |  2.1
Throwing       | |  2.1
Dodging        | |  1.2
Stealth        | |  5.9

Action                     || total
---------------------------++-------
  Melee: Dagger            ||    64
         Punch             ||     2
    Use: Scroll            ||     1
   Stab: Sleeping          ||    18
 Armour: Robe              ||     1
         Leather armour    ||    16
  Dodge: Dodged            ||    26
